 Dungeon Crawl Stone Soup version 0.26.1-11-gd32895ea62 (webtiles) character file.

Game seed: 13477082374643764168

37 vvl the Ruffian (level 3, -1/28 HPs)
             Began as a Draconian Transmuter on July 7, 2021.
             Slain by Sigmund
             ... wielding a +0 scythe
              (6 damage)
             ... on level 2 of the Dungeon.
             The game lasted 00:03:23 (1845 turns).

vvl the Ruffian (Draconian Transmuter)              Turns: 1845, Time: 00:03:24

Health: -1/28      AC:  8    Str: 13    XL:     3   Next: 23%
Magic:  6/6        EV: 11    Int: 13    God:
Gold:   92         SH:  3    Dex: 11    Spells: 5/6 levels left

rFire    . . .     SeeInvis .     - Unarmed
rCold    . . .     Faith    .   a - +0 buckler
rNeg     . . .     Spirit   .   (armour unavailable)
rPois    .         Reflect  .   (helmet currently unavailable)
rElec    .         Harm     .   (no cloak)
rCorr    .         Rampage  .   g - +2 pair of gloves
Will     .....                  (boots currently unavailable)
Stlth    +.........             (no amulet)
HPRegen  0.09/turn              (no ring)
MPRegen  0.10/turn              (no ring)

@: appendages, attractive
A: unfitting armour, horns 2, talons 2, cold-blooded, AC +5
a: End Transformation


You were on level 2 of the Dungeon.
You had grown temporary horns.
You had grown temporary talons.
You visited 1 branch of the dungeon, and saw 2 of its levels.

You collected 92 gold pieces.

Inventory:

Armour
 a - a +0 buckler (worn)
 g - a +2 pair of gloves (worn)
Scrolls
 f - a scroll of remove curse {unknown}
 h - a scroll of teleportation {unknown}
Potions
 b - a potion of ambrosia {unknown}
 c - a potion of attraction
 d - a potion of brilliance {unknown}
 e - a potion of haste
 i - 2 potions of heal wounds {unknown}


   Skills:
 + Level 1.5 Fighting
 - Level 2.0 Dodging
 + Level 0.7 Shields
 * Level 3.2 Unarmed Combat
 + Level 2.2 Spellcasting
 * Level 2.6 Transmutations


You had 5 spell levels left.
You knew the following spells:

 Your Spells              Type           Power        Failure   Level
a - Beastly Appendage     Tmut           16%          13%         1

Your spell library contained the following spells:

 Spells                   Type           Power        Failure   Level
 Wereblood                Tmut           8%           19%         2
 Spider Form              Tmut/Pois      2%           54%         3
 Ice Form                 Ice/Tmut       4%           91%         4
 Blade Hands              Tmut           4%           98%         5


Dungeon Overview and Level Annotations

Branches:
Dungeon (2/15)

Altars:

Annotations:
D:2 Sigmund


Innate Abilities, Weirdness & Mutations

Your plain brown scales are hard. (AC +5)
You cannot fit into any form of body armour.
You are cold-blooded and may be slowed by cold attacks.
You have a pair of horns on your head.
You have razor-sharp toenails.


Message History

Confirm with . or Enter, or press ? or * to list all spells.
You grow a pair of large bovine horns.
Your feet morph into talons.
Something hits you! Something hits you.
You closely miss something. Your headbutt misses something.
Something hits you but does no damage.
You hit something but do no damage. Something hits you but does no damage.
You barely miss something. Your headbutt misses something.
Something hits you but does no damage.
You barely miss something. Something hits you but does no damage.
You hit something but do no damage. Something hits you but does no damage.
You completely miss something. Your kick misses something. Something hits you.
* * * LOW HITPOINT WARNING * * *
You hit something but do no damage. You claw something.
Your tail-slap misses something.
Something hits you.
* * * LOW HITPOINT WARNING * * *
It was a potion of attraction.
You feel attractive to monsters. Something hits you.
You die...

#.# #.# #.# #.# #
#.# #.#.# #.###.#.#
#.......#
#####.###.#
#.........#
#.###.##############
#.......{@......#
#..############.#
#..# #..# #..# #..#
#..# #..# # #..#


There were no monsters in sight!

Vanquished Creatures
  An adder (D:2)
  2 dart slugs (D:1)
  3 bats
  A giant cockroach (D:1)
  3 goblins (D:1)
  4 hobgoblins (D:1)
  2 jackals (D:2)
  2 frilled lizards
  4 kobolds
  2 rats (D:1)
24 creatures vanquished.

Notes
Turn   | Place    | Note
-------+----------+-------------------------------------------
     0 | D:1      | vvl the Draconian Transmuter began the quest for the Orb.
     0 | D:1      | Reached XP level 1. HP: 16/16 MP: 3/3
   308 | D:1      | Reached XP level 2. HP: 22/23 MP: 5/5
  1618 | D:2      | Reached XP level 3. HP: 16/28 MP: 6/6
  1816 | D:2      | Noticed Sigmund
  1845 | D:2      | Slain by Sigmund

Illustrated notes

Levels and vault maps discovered:
D:1:      eino_arrival_cavern_a, layout_loops_corners
D:2:      layout_basic, uniq_robin, uniq_sigmund

Skill      XL: |  1  2 |
---------------+-------+-----
Dodging        | 2 |  2.0
Fighting       | |  1.5
Shields        | |  0.7
Unarmed Combat | |  3.2
Spellcasting   | |  2.2
Transmutations | |  2.6

Action                   || total
-------------------------++-------
Melee: Unarmed           ||    89
       Kick              ||    13
       Tailslap          ||     5
       Headbutt          ||     6
 Cast: Beastly Appendage ||    16
  Use: Potion            ||     1
 Stab: Sleeping          ||     1
Armor: Skin              ||    33
Dodge: Dodged            ||    46
Block: Buckler           ||     9
